 Dungeon Crawl Stone Soup version 0.21-a0-538-gd16b88a (webtiles) character file.

402926 Lasiace the Warrior (level 24, -8/221 HPs)
             Began as a Formicid Fighter on Dec 16, 2017.
             Was the Champion of Ru.
             Mangled by a titan (42 damage)
             ... on level 4 of the Vaults.
             The game lasted 05:53:34 (60948 turns).

Lasiace the Warrior (Formicid Fighter)             Turns: 60948, Time: 05:53:34

Health: -8/221     AC: 24    Str: 25    XL:     24   Next: 46%
Magic:  20/23      EV: 13    Int:  8    God:    Ru [******]
Gold:   568        SH: 26    Dex: 28    Spells: 18/23 levels left

rFire    + + .     SeeInvis +   b - +7 longbow "Piercer" {penet, EV-2}
rCold    + + .     Gourm    .   s - +2 large shield
rNeg     + + +     Faith    .   v - +2 plate armour {rF+}
rPois    +         Spirit   .   (helmet unavailable)
rElec    +         Reflect  +   B - scarf {rC+ rF+}
rCorr    .         Harm     .   D - +2 pair of gloves {archery}
MR       ++...                  K - +0 pair of boots {run}
Stlth    ..........             Y - +2 amulet of reflection
HPRegen  0.46/turn              I - ring of Yredelemnul's Approval {-Tele rPois rN+++ Int-2 Dex+2}
MPRegen  0.18/turn              c - ring of Vehumet's Wrath {rElec rC+ rN+ Int-2 Dex+8}

@: exhausted, no scrolls, drained, quick
A: permanent stasis, dig shafts and tunnels, four strong arms, antennae 3,
clever 1, robust 1, screaming 1, strong 1, inability to read while threatened,
no stealth, inability to use devices, hated by all, MP-powered wands, unskilled
1
}: 2/15 runes: serpentine, barnacled
a: Dig, Shaft Self, Draw Out Power, Power Leap, Apocalypse, Renounce Religion


You were on level 4 of the Vaults.
You worshipped Ru.
Ru was exalted by your worship.
You were not hungry.

You visited 7 branches of the dungeon, and saw 39 of its levels.
You visited 1 bazaar.
You also visited: Ice Cave, Volcano and Wizlab.

You collected 5635 gold pieces.
You spent 5067 gold pieces at shops.

Inventory:

Hand Weapons
 a - a +1 great sword of flaming
 b - the +7 longbow "Piercer" (weapon) {penet, EV-2}
   (You bought it in a shop on level 15 of the Dungeon)

   Ammo fired by it will pass through the targets it hits, potentially hitting
   all targets in its path until it reaches maximum range.
   It affects your evasion (-2).
 A - a +4 great sword of holy wrath
Missiles
 h - 996 arrows (quivered) {@Q2}
Armour
 s - a +2 large shield (worn)
 v - a +2 plate armour of fire resistance (worn)
 B - a scarf of resistance (worn)
 D - a +2 pair of gloves of archery (worn)
 F - the +6 scale mail of Nihilism {+Fly rC+ MR+ Stlth+}
   (You acquired it on level 3 of the Shoals)

   It protects you from cold.
   It affects your resistance to hostile enchantments.
   It lets you fly.
   It makes you more stealthy.
 K - a +0 pair of boots of running (worn)
 R - a scarf of repulsion
Jewellery
 c - the ring of Vehumet's Wrath (right hand) {rElec rC+ rN+ Int-2 Dex+8}
   (You took it off a deep elf master archer on level 3 of the Elven Halls)

   [ring of protection from cold]

   It affects your intelligence (-2).
   It affects your dexterity (+8).
   It protects you from cold.
   It insulates you from electricity.
   It protects you from negative energy.
 I - the ring of Yredelemnul's Approval (left hand) {-Tele rPois rN+++ Int-2 Dex+2}
   (You took it off a red devil in a wizard's laboratory)

   [ring of dexterity]

   It affects your intelligence (-2).
   It affects your dexterity (+2).
   It protects you from poison.
   It renders you almost immune to negative energy.
   It prevents most forms of teleportation.
 J - an uncursed ring of protection from magic
 L - the ring of Pugheo {rF+ Str+3 Stlth-}
   (You found it on level 1 of the Snake Pit)

   [ring of loudness]

   It affects your strength (+3).
   It protects you from fire.
   It makes you less stealthy.
 Y - a +2 amulet of reflection (around neck)
Scrolls
 d - 4 scrolls of enchant armour
 g - 10 scrolls of fog
 l - a scroll of holy word
 n - 14 scrolls of fear
 o - 10 scrolls of magic mapping
 r - 22 scrolls of remove curse
 H - a scroll of silence
 M - 2 scrolls of amnesia
 O - 4 scrolls of identify {@r4}
Potions
 e - a potion of heal wounds {@q1}
 i - 2 potions of mutation {!q}
 j - 5 potions of resistance
 k - 4 potions of brilliance
 m - 3 potions of ambrosia
 p - 10 potions of curing {@q2}
 t - 5 potions of invisibility
 u - 9 potions of agility
 x - 15 potions of flight
 y - 9 potions of might
 z - 2 potions of magic
 C - 5 potions of cancellation
Comestibles
 f - 14 bread rations
 q - 26 meat rations
 w - 25 royal jellies
 T - 20 fruits


   Skills:
 + Level 19.0(18.3) Fighting
 - Level 14.0(13.3) Long Blades
 - Level 16.0(15.3) Bows
 - Level 16.0(15.3) Armour
 - Level 10.0(9.4) Dodging
 - Level 15.0(14.3) Shields
 - Level 12.0(11.4) Translocations


You had 18 spell levels left.
You knew the following spells:

 Your Spells              Type           Power        Failure   Level  Hunger
a - Passage of Golubria   Tloc           N/A          32%         4    #####..
b - Apportation           Tloc           ###...       3%          1    ##.....


Dungeon Overview and Level Annotations

Branches:
Dungeon (15/15)            Temple (0/1) D:6            Lair (6/6) D:10
 Shoals (4/4) Lair:4        Snake (4/4) Lair:2        Slime (0/5) Lair:6
    Orc (2/2) D:9             Elf (3/3) Orc:2        Vaults (5/5) D:14
  Crypt (0/3) Vaults:3     Depths (0/5) D:15

Altars:
Ashenzari
Cheibriados
Gozag
Makhleb
Okawaru
Ru
Sif Muna
Trog
Wu Jian
Beogh

Shops:
D:6 (   D:7 !   D:13 ?   D:15 *(   Orc:2 :([[   Elf:1 *:?[}!(   Shoals:1 %
Shoals:2 =:*}   Shoals:3 [%**   Snake:4 }   Vaults:3 [

Annotations:
Elf:3 1 exclusion


Innate Abilities, Weirdness & Mutations

You cannot be hasted, slowed, berserked, paralysed or teleported.
You can dig through walls and to a lower floor.
Your four strong arms can wield two-handed weapons with a shield.
You have a pair of large antennae on your head. (SInv)
You cannot read scrolls while threatened.
You cannot be stealthy.
You cannot study or use magical devices.
You are hated by all.
You are somewhat unskilled. (-1 Apt)
Your mind is acute. (Int +2)
You are robust. (+10% HP)
You occasionally shout uncontrollably at your foes.
Your muscles are strong. (Str +2)
You expend magic power (3 MP) to strengthen your wands.


Message History

Okay, then.
Firing (i - inventory):
h - 998 arrows (quivered)
{@Q2}
Press: ? - help, Shift-Dir - straight line, f - titan, p - stone giant
Aim: a titan (severely wounded, poisoned)
You shoot an arrow {@Q2}.
The arrow {@Q2} barely misses the titan.
The arrow {@Q2} pierces through the frost giant but does no damage.
The frost giant is heavily wounded.
The stone giant barely misses you.
The frost giant gestures at you while chanting.
The bolt of cold hits you! You resist.
* * * LOW HITPOINT WARNING * * *
Firing (i - inventory):
h - 997 arrows (quivered)
{@Q2}
Press: ? - help, Shift-Dir - straight line, f/p - titan
Aim: a titan (severely wounded, poisoned)
You shoot an arrow {@Q2}.
The arrow {@Q2} pierces through the titan!
The titan is severely wounded.
You block the stone giant's attack. The titan hits you!!!
You die...

###############################
#..............................
#..............................
#..........[.C@C.....(.........
#...........##(######..........
#...........#)C.....#./........
#...........#(......#..........
#...........#.([)...#..^.......
#...........#..>)...#...?......
#...........#..)(...#..........
#...........#.(.[.(.#..........
#...........#.......#..).......


You could see a titan, a frost giant and a stone giant.

Vanquished Creatures
  Mara (Shoals:4)
  Frederick (Vaults:3)
  Margery (Vaults:3)
  Saint Roka (Vaults:3)
  Vashnia (Snake:3)
  Xtahua (Vaults:3)
  A bone dragon (Vaults:3)
  The ghost of Vlans the Warrior, a veteran HaWr of Okawaru (Vaults:5)
  Rupert (Orc:2)
  A deep elf master archer (Elf:3)
  A deep elf blademaster (Elf:3)
  A titan (Vaults:5)
  A kraken (Shoals:3)
  Polyphemus (Shoals:2)
  4 sphinxes
  A tentacled starspawn (WizLab)
  Frances (D:13)
  Kirke (Snake:3)
  Roxanne (Shoals:4)
  Ilsuiw (Shoals:4)
  7 nagarajas (Snake:4)
  4 fire giants
  A frost giant (IceCv)
  10 deep elf sorcerers
  Aizul (Shoals:3)
  13 vault wardens
  An orc warlord (Orc:2)
  Louise (Shoals:1)
  A cacodemon (WizLab)
  2 iron dragons (Vaults:4)
  A deep elf elementalist (Elf:3)
  4 very ugly things
  9 ironheart preservers
  5 stone giants
  An entropy weaver (Vaults:4)
  9 deep elf annihilators
  The ghost of RedSky the Protected, a journeyman BaWr of Okawaru (Orc:2)
  A black draconian (WizLab)
  2 deep elf demonologists
  5 deep elf death magi (Elf:3)
  2 merfolk javelineers (Shoals:4)
  A blizzard demon (WizLab)
  7 merfolk impalers
  5 ettins
  2 fire dragons
  8 yaktaur captains
  Josephine (Orc:1)
  The ghost of MatthieuS the Lord of Darkness, a journeyman DEWn of Kikubaaqudgha (Lair:3)
  A deep elf high priest (Elf:3)
  5 catoblepae
  3 hydras (Lair:6)
  29 vault guards
  A great orb of eyes (Vaults:3)
  4 centaur warriors
  2 rakshasas
  2 ice dragons (Vaults:3)
  12 naga warriors
  2 alligator snapping turtles (Shoals:4)
  2 merfolk avatars
  9 merfolk aquamancers
  A queen ant (shapeshifter) (Vaults:1)
  2 death knights
  13 two-headed ogres
  A satyr (Shoals:3)
  8 anacondas
  22 dancing weapons
  7 ogre magi
  A tengu warrior (D:15)
  14 death yaks
  A thrashing horror (WizLab)
  An orc high priest (Orc:1)
  18 naga sharpshooters
  5 shock serpents
  21 deep elf knights
  5 hell knights
  A fire crab (shapeshifter) (D:14)
  3 shadow wraiths
  A skeletal warrior (D:14)
  4 salamander mystics
  5 deep trolls (Vaults:4)
  5 wizards
  6 unseen horrors
  17 sea snakes
  2 glowing orange brains
  An anaconda skeleton (WizLab)
  12 ironbrand convokers
  Pikel (D:4)
  An obsidian statue (WizLab)
  8 naga ritualists
  20 deep elf archers
  2 phantasmal warriors
  65 deep elf magi
  5 flayed ghosts
  3 wolf spiders
  17 harpies
  7 necromancers
  7 mana vipers
  A harpy (shapeshifter) (D:12)
  7 orc knights
  3 orc sorcerers
  4 oklob plants (Lair:6)
  12 ugly things
  14 manticores
  4 cyclopes
  A faun (Shoals:2)
  11 salamanders
  An eye of devastation (Lair:6)
  12 guardian serpents
  8 water nymphs
  35 black mambas
  Joseph (D:9)
  9 vault sentinels
  20 naga magi
  3 centaur zombies (D:15)
  3 ice statues (IceCv)
  7 merfolk sirens
  Maurice (D:12)
  A stone giant skeleton (Vaults:1)
  A torpor snail (Lair:6)
  A gargoyle (D:14)
  9 spiny frogs
  11 centaur skeletons
  An orange demon (WizLab)
  3 rime drakes
  7 freezing wraiths
  10 komodo dragons
  35 yaktaurs
  2 trolls (shapeshifter)
  28 merfolk
  A red devil (WizLab)
  A jumping spider (shapeshifter) (D:13)
  A queen bee (D:8)
  11 polar bears (IceCv)
  3 tengu conjurers
  4 trolls
  A wind drake (shapeshifter) (Vaults:2)
  A raiju (WizLab)
  4 human skeletons
  A hornet (D:13)
  6 wind drakes
  39 slime creatures
  6 dream sheep
  9 hippogriffs
  2 human simulacra (Vaults:1)
  15 blink frogs
  Prince Ribbit (D:9)
  7 snapping turtles
  A redback (Vaults:4)
  50 yaks
  2 small abominations
  3 wyverns
  4 air elementals
  Grum (D:9)
  3 shadows
  19 water elementals
  3 hogs (Snake:3)
  A basilisk (D:15)
  2 humans (Snake:3)
  8 wraiths
  A yak (shapeshifter) (Vaults:1)
  2 yaktaur simulacra
  3 hungry ghosts
  A fire elemental (Elf:1)
  9 vampire mosquitoes
  A steam dragon (D:8)
  A hog (shapeshifter) (Vaults:3)
  A redback simulacrum (D:15)
  Edmund (D:5)
  3 insubstantial wisps
  A warg (Orc:2)
  69 nagas
  6 acid dragons
  4 spatial vortices (WizLab)
  12 water moccasins
  An elf skeleton (Vaults:1)
  2 human zombies (Vaults:1)
  8 porcupines
  37 orc warriors
  4 phantoms
  A black bear (D:8)
  An ice beast (shapeshifter) (Vaults:1)
  A tengu skeleton (WizLab)
  4 eyes of draining
  2 necrophages
  An orc zombie (Vaults:1)
  3 sky beasts
  An ice beast (D:12)
  2 slaves (D:4)
  17 ogres
  22 centaurs
  25 wolves
  7 boggarts
  8 big kobolds
  8 crocodiles
  16 bullfrogs
  A gnoll sergeant (Orc:2)
  2 earth elementals
  A wyvern zombie (D:13)
  2 scorpions
  17 killer bees
  9 wights
  8 electric eels
  12 howler monkeys
  6 crimson imps
  3 bullfrog zombies
  5 jellies
  2 quasits
  10 hounds
  19 orc priests
  30 orc wizards
  2 bullfrog skeletons
  2 iguanas
  An iron imp (WizLab)
  7 hell rats (Lair:4)
  8 worker ants
  2 hound zombies
  6 gnolls
  12 adders
  A howler monkey skeleton (D:7)
  3 shadow imps
  An ufetubus (WizLab)
  2 adder zombies
  4 dart slugs
  5 leopard geckos
  102 orcs
  2 ball pythons
  4 bats
  9 giant cockroaches
  5 goblins
  8 hobgoblins
  12 jackals
  3 quokkas
  5 frilled lizards
  A jackal skeleton (D:6)
  19 kobolds
  A leopard gecko skeleton (D:8)
  2 quokka zombies (D:5)
  10 rats
  4 crawling corpses (Elf:3)
  2 fungi (Lair:6)
  9 plants
  A tentacle (Shoals:3)
1658 creatures vanquished.

Vanquished Creatures (others)
  Bai Suzhen (Shoals:3)
  A deep elf master archer (Elf:3)
  A deep elf blademaster (Elf:3)
  An eldritch tentacle (WizLab)
  A tengu reaver (Vaults:4)
  A deep elf sorcerer (Elf:3)
  A vault warden (Vaults:3)
  2 stone giants
  2 deep elf annihilators (Elf:3)
  A yaktaur captain (Vaults:5)
  A naga warrior (Snake:4)
  2 hydras
  A centaur warrior (Vaults:1)
  A two-headed ogre (Vaults:2)
  A tengu warrior (D:15)
  2 naga sharpshooters
  2 deep elf knights
  A shock serpent (Snake:2)
  An unseen horror (D:12)
  A harpy (Shoals:4)
  A deep elf archer (Elf:2)
  A deep elf mage (Elf:2)
  A manticore (D:15)
  A guardian serpent (Snake:4)
  A black mamba (Snake:4)
  7 yaktaurs
  A slime creature (D:14)
  A hippogriff (Lair:1)
  3 yaks
  2 water elementals
  A wraith (Vaults:2)
  A fire elemental (Elf:3)
  A golden eye (shapeshifter) (Elf:2)
  A black bear (D:8)
  A centaur (D:13)
  A crocodile (D:11)
  A bullfrog (D:12)
  A killer bee (D:8)
  An orc priest (D:6)
  An adder (D:12)
  An adder skeleton (D:6)
  An orc (Orc:2)
  8 bushes (D:12)
  5 fungi (Lair:6)
  33 plants
  2 starspawn tentacles (WizLab)
  15 tentacles (Shoals:3)
119 creatures vanquished.

Grand Total: 1777 creatures vanquished

Notes
Turn   | Place    | Note
-------+----------+-------------------------------------------
     0 | D:1      | Lasiace the Formicid Fighter began the quest for the Orb.
     0 | D:1      | Reached XP level 1. HP: 18/18 MP: 1/1
    44 | D:1      | Reached XP level 2. HP: 15/24 MP: 2/2
   318 | D:1      | Reached XP level 3. HP: 29/29 MP: 3/3
   905 | D:2      | Reached XP level 4. HP: 37/37 MP: 4/4
  1445 | D:2      | Found an ornate altar of the Wu Jian Council.
  1793 | D:3      | Found an opulent altar of Gozag.
  1861 | D:3      | Reached skill level 4 in Fighting
  1861 | D:3      | Reached XP level 5. HP: 28/42 MP: 5/5
  1974 | D:3      | Found a sacrificial altar of Ru.
  1975 | D:3      | Found a bloodstained altar of Trog.
  1990 | D:3      | Became a worshipper of Ru the Awakened
  2127 | D:3      | Found a shattered altar of Ashenzari.
  2561 | D:4      | Reached XP level 6. HP: 37/49 MP: 6/6
  2845 | D:4      | Got a brightly glowing brass ring
  2847 | D:4      | Identified the ring "Iwe Vyj" {rC+ Str+4 Int-3 Dex+6} (You found it on level 4 of the Dungeon)
  3026 | D:4      | Reached skill level 5 in Long Blades
  3057 | D:4      | Noticed a slave
  3060 | D:4      | Noticed a slave
  3060 | D:4      | Noticed a slave
  3067 | D:4      | Noticed a slave
  3068 | D:4      | Noticed Pikel
  3068 | D:4      | Killed a slave
  3079 | D:4      | Killed a slave
  3090 | D:4      | Killed Pikel
  3090 | D:4      | Reached skill level 6 in Fighting
  3090 | D:4      | Reached XP level 7. HP: 36/58 MP: 7/7
  3090 | D:4      | Reached XP level 8. HP: 39/64 MP: 8/8
  3362 | D:5      | Entered Level 5 of the Dungeon
  3444 | D:5      | Noticed Edmund
  3461 | D:5      | Killed Edmund
  3462 | D:5      | Got an ancient iron ring
  3491 | D:5      | Gained mutation: You cannot study or use magical devices. [Ru sacrifice]
  3491 | D:5      | Reached * piety under Ru
  3491 | D:5      | Reached ** piety under Ru
  3603 | D:5      | Reached skill level 1 in Dodging
  3714 | D:5      | Identified the ring of Cafoecij {rC+ Dex+4} (You found it on level 5 of the Dungeon)
  4496 | D:6      | Reached skill level 5 in Armour
  4496 | D:6      | Reached XP level 9. HP: 58/69 MP: 9/9
  4667 | D:6      | Found Qyma's Weapon Shop.
  4704 | D:6      | Found a staircase to the Ecumenical Temple.
  4746 | D:6      | Found a burning altar of Makhleb.
  5083 | D:6      | Got a polished cloak
  5089 | D:6      | Identified the +1 cloak of Agoraphobia {rC+ Int-4 Stlth+} (You found it on level 6 of the Dungeon)
  5429 | D:7      | Reached skill level 1 in Bows
  5481 | D:7      | Found a deep blue altar of Sif Muna.
  5645 | D:7      | Got a faintly humming plate armour
  5656 | D:7      | Identified the +1 plate armour "Jeefesie" {rC- Str+3 Int+2 Dex+7} (You found it on level 7 of the Dungeon)
  6022 | D:7      | Gained mutation: You are somewhat unskilled. (-1 Apt) [Ru sacrifice]
  6022 | D:7      | Reduced skill Fighting to level 5
  6022 | D:7      | Reduced skill Armour to level 5
  6022 | D:7      | Reached *** piety under Ru
  6022 | D:7      | Reached **** piety under Ru
  6424 | D:7      | Found Zohimu's Distillery.
  6427 | D:7      | Bought a potion of heal wounds for 80 gold pieces
  6427 | D:7      | Bought a potion of mutation for 128 gold pieces
  6428 | D:7      | Bought 2 potions of berserk rage for 160 gold pieces
  6888 | D:8      | Reached skill level 6 in Fighting
  6919 | D:8      | Reached XP level 10. HP: 68/75 MP: 4/10
  7067 | D:8      | Reached skill level 5 in Bows
  7345 | D:8      | Found a snail-covered altar of Cheibriados.
  8140 | D:8      | Reached skill level 7 in Fighting
  8552 | D:9      | Noticed Joseph
  8558 | D:9      | Gained mutation: You are hated by all. [Ru sacrifice]
  8558 | D:9      | Reached ***** piety under Ru
  8569 | D:9      | Killed Joseph
  8569 | D:9      | Reached skill level 8 in Fighting
  8569 | D:9      | Reached XP level 11. HP: 59/85 MP: 11/11
  8816 | D:9      | Noticed Prince Ribbit
  8831 | D:9      | Killed Prince Ribbit
  8831 | D:9      | Reached skill level 9 in Fighting
  9083 | D:9      | Reached skill level 10 in Fighting
  9205 | D:9      | Noticed Grum
  9228 | D:9      | Killed Grum
  9588 | D:9      | Found a staircase to the Orcish Mines.
  9650 | D:10     | Entered Level 10 of the Dungeon
 10129 | D:10     | Gained mutation: Your muscles are strong. (Str +2) [mutagenic meat]
 10130 | D:10     | Gained mutation: You occasionally shout uncontrollably at your foes. [mutagenic meat]
 10131 | D:10     | Gained mutation: You expend magic power (3 MP) to strengthen your wands. [mutagenic meat]
 10132 | D:10     | Gained mutation: You are robust. (+10% HP) [mutagenic meat]
 10133 | D:10     | Gained mutation: Your mind is acute. (Int +2) [mutagenic meat]
 10315 | D:10     | Found a staircase to the Lair.
 10833 | D:10     | Found an iron altar of Okawaru.
 11100 | Lair:1   | Entered Level 1 of the Lair of Beasts
 11131 | Lair:1   | Gained mutation: You cannot read scrolls while threatened. [Ru sacrifice]
 11501 | Lair:1   | Reached skill level 10 in Long Blades
 11804 | Lair:1   | Reached XP level 12. HP: 105/105 MP: 12/12
 12566 | Lair:2   | Found a staircase to the Snake Pit.
 13351 | Lair:3   | Gained mutation: You cannot be stealthy. [Ru sacrifice]
 13351 | Lair:3   | Reached ****** piety under Ru
 13377 | Lair:3   | Noticed MatthieuS's ghost (journeyman DEWn)
 13433 | Lair:3   | HP: 3/106 [MatthieuS's ghost (9)]
 13437 | Lair:3   | Killed MatthieuS's ghost
 14725 | Lair:4   | Reached XP level 13. HP: 113/113 MP: 13/13
 15039 | Lair:4   | Noticed a catoblepas
 15061 | Lair:4   | Killed a catoblepas
 15350 | Lair:4   | Found a staircase to the Shoals.
 15694 | Lair:4   | Noticed an eight-headed hydra
 15696 | Lair:4   | Killed an eight-headed hydra
 16758 | Lair:6   | Entered Level 6 of the Lair of Beasts
 16880 | Lair:6   | Noticed an eight-headed hydra
 16888 | Lair:6   | Killed a six-headed hydra
 16888 | Lair:6   | Reached skill level 5 in Dodging
 16933 | Lair:6   | Noticed a four-headed hydra
 16943 | Lair:6   | Killed a one-headed hydra
 17180 | Lair:6   | Noticed a seven-headed hydra
 17196 | Lair:6   | Killed a three-headed hydra
 17268 | Lair:6   | Found a staircase to the Slime Pits.
 17336 | Lair:6   | Reached skill level 5 in Shields
 17873 | Lair:6   | Noticed a catoblepas
 17890 | Lair:6   | Killed a catoblepas
 17944 | Lair:6   | Reached XP level 14. HP: 116/121 MP: 14/14
 20327 | Orc:1    | Entered Level 1 of the Orcish Mines
 20327 | Orc:1    | Noticed a stone giant
 20334 | Orc:1    | Killed a stone giant
 20702 | Orc:1    | Found a dark tunnel.
 20727 | Volcano  | Entered a volcano
 20748 | Volcano  | Found a radiant altar of Vehumet.
 20807 | Volcano  | Got a pair of shimmering boots
 21327 | Orc:1    | Reached skill level 10 in Armour
 21332 | Orc:1    | Noticed Josephine
 21351 | Orc:1    | Killed Josephine
 21683 | Orc:2    | Entered Level 2 of the Orcish Mines
 21973 | Orc:2    | Noticed Rupert
 21985 | Orc:2    | Killed Rupert
 21985 | Orc:2    | Reached XP level 15. HP: 128/128 MP: 15/15
 22084 | Orc:2    | Found Cean's Antique Armour Emporium.
 22214 | Orc:2    | Found a roughly hewn altar of Beogh.
 22235 | Orc:2    | Found a staircase to the Elven Halls.
 22294 | Orc:2    | Found a roughly hewn altar of Beogh.
 22318 | Orc:2    | Found Mamaabla's Book Shop.
 22625 | Orc:2    | Found a roughly hewn altar of Beogh.
 22651 | Orc:2    | Found a roughly hewn altar of Beogh.
 22659 | Orc:2    | Found Hunil Detis's Antique Armour Emporium.
 22669 | Orc:2    | Bought a pair of embroidered gloves for 195 gold pieces
 22945 | Orc:2    | Noticed RedSky's ghost (journeyman BaWr)
 22948 | Orc:2    | Reached skill level 11 in Fighting
 22981 | Orc:2    | Killed RedSky's ghost
 23344 | Orc:2    | Noticed an orc warlord
 23378 | Orc:2    | Killed an orc warlord
 23616 | Orc:2    | Found Zeoptoq's Antique Armour Shop.
 23629 | Orc:2    | Found Loca's Antique Weapon Boutique.
 23644 | Orc:2    | Found a roughly hewn altar of Beogh.
 23735 | Orc:2    | Bought a scorched chain mail for 247 gold pieces
 23827 | D:7      | Bought a potion of heal wounds for 80 gold pieces
 23827 | D:7      | Bought a potion of curing for 48 gold pieces
 23827 | D:7      | Bought a potion of curing for 48 gold pieces
 23827 | D:7      | Bought a potion of curing for 48 gold pieces
 24234 | D:11     | Reached skill level 12 in Fighting
 25263 | D:12     | Identified the +1 pair of boots of Restlessness {+Inv rElec rF+} (You found it in a volcano)
 25406 | D:12     | Noticed a sphinx
 25406 | D:12     | Noticed a fire giant
 25418 | D:12     | Killed a fire giant
 25431 | D:12     | You fall through a shaft for 3 floors!
 25431 | D:15     | Entered Level 15 of the Dungeon
 25433 | D:15     | Found a staircase to the Depths.
 25468 | D:15     | Reached skill level 13 in Fighting
 25922 | D:15     | Got a brightly glowing chain mail
 26128 | D:15     | Found Umaehuow's Weapon Boutique.
 26136 | D:15     | Bought the +7 longbow "Piercer" {penet, EV-2} for 600 gold pieces
 26136 | D:15     | Found the +7 longbow "Piercer" {penet, EV-2}
 26180 | D:15     | Found an opulent altar of Gozag.
 26545 | D:14     | Reached skill level 14 in Fighting
 26714 | D:14     | Reached XP level 16. HP: 108/146 MP: 16/16
 27122 | D:14     | Found a frozen archway.
 27145 | IceCv    | Entered an ice cave
 27552 | IceCv    | Noticed a frost giant
 27567 | IceCv    | Killed a frost giant
 28009 | D:14     | Found a gate to the Vaults.
 28391 | D:13     | Found a sacrificial altar of Ru.
 28425 | D:13     | You fall through a shaft for 2 floors!
 28517 | D:13     | Found Caont's Magic Scroll Shoppe.
 28525 | D:13     | Bought a scroll of brand weapon for 340 gold pieces
 28525 | D:13     | Bought a scroll of immolation for 59 gold pieces
 28525 | D:13     | Bought 2 scrolls of amnesia for 119 gold pieces
 28525 | D:13     | Bought a scroll of identify for 34 gold pieces
 28525 | D:13     | Bought a scroll of identify for 34 gold pieces
 28525 | D:13     | Bought 3 scrolls of magic mapping for 178 gold pieces
 28525 | D:13     | Bought a scroll of enchant weapon for 127 gold pieces
 28525 | D:13     | Identified the cursed +1 chain mail of Dogma {rElec Str-2 Dex+2} (You bought it in a shop on level 2 of the Orcish Mines)
 28526 | D:13     | Identified the cursed +0 chain mail of Wasted Space {Int+5 SInv Stlth-} (You took it off an orc on level 15 of the Dungeon)
 28640 | D:13     | Noticed Frances
 28648 | D:13     | Killed Frances
 29250 | D:12     | Reached skill level 10 in Bows
 29497 | D:12     | Noticed Maurice
 29506 | D:12     | Killed Maurice
 29640 | D:12     | Killed a sphinx
 30131 | D:15     | Found Sedots's Assorted Antiques.
 30425 | Shoals:1 | Entered Level 1 of the Shoals
 30476 | Shoals:1 | Noticed Louise
 30481 | Shoals:1 | Killed Louise
 30481 | Shoals:1 | Reached XP level 17. HP: 152/152 MP: 17/17
 30609 | Shoals:1 | Found Nyang's Food Emporium.
 32158 | Shoals:2 | Found Edecrero's Gadget Emporium.
 32268 | Shoals:2 | Found Dozula's General Store.
 32657 | Shoals:2 | Found Magh's Book Boutique.
 32755 | Shoals:2 | Found Jaaduc's Jewellery Boutique.
 32884 | Shoals:2 | Noticed Polyphemus
 32917 | Shoals:2 | Killed Polyphemus
 33275 | Shoals:3 | Found Zarais's General Store.
 33287 | Shoals:3 | Reached skill level 10 in Dodging
 33592 | Shoals:3 | Bought a scroll of vulnerability for 135 gold pieces
 33592 | Shoals:3 | Bought a potion of agility for 72 gold pieces
 33592 | Shoals:3 | Bought a scroll of identify for 36 gold pieces
 33592 | Shoals:3 | Bought a scroll of fog for 36 gold pieces
 33621 | Shoals:3 | Noticed Aizul
 33642 | Shoals:3 | Killed Aizul
 33977 | Shoals:3 | Found Yhogo's Assorted Antiques.
 33987 | Shoals:3 | Noticed a kraken
 34069 | Shoals:3 | Killed a kraken
 34360 | Shoals:3 | Noticed Bai Suzhen
 34385 | Shoals:3 | Killed Bai Suzhen
 34666 | Shoals:3 | Found Saeniuc's Food Boutique.
 34710 | Shoals:3 | Found Seacrimu's Antique Armour Shop.
 34938 | Shoals:4 | Entered Level 4 of the Shoals
 34982 | Shoals:4 | Noticed Mara
 35849 | Shoals:4 | Noticed Lasiace's illusion
 35907 | Shoals:4 | Identified 2 scrolls of acquirement
 35946 | Shoals:3 | Got a smoking scale mail
 35957 | Shoals:3 | Identified the +6 scale mail of Nihilism {+Fly rC+ MR+ Stlth+} (You acquired it on level 3 of the Shoals)
 36029 | Shoals:4 | Noticed Lasiace's illusion
 36389 | Shoals:4 | Noticed Ilsuiw
 36411 | Shoals:4 | Killed Ilsuiw
 36411 | Shoals:4 | Reached XP level 18. HP: 121/160 MP: 18/18
 36774 | Shoals:4 | Noticed Roxanne
 36797 | Shoals:4 | Killed Roxanne
 36879 | Shoals:4 | Identified Roxanne's Tome of the Mountains (You took it off Roxanne on level 4 of the Shoals)
 36979 | Shoals:4 | Identified the Collected Works on the Twisted Entourage
 37134 | Shoals:4 | Noticed Lasiace's illusion
 37141 | Shoals:4 | Killed Mara
 37384 | Shoals:4 | Got a barnacled rune of Zot
 37694 | Snake:1  | Entered Level 1 of the Snake Pit
 38326 | Snake:1  | Got a crude tin ring
 38327 | Snake:1  | Identified the ring of Pugheo {rF+ Str+3 Stlth-} (You found it on level 1 of the Snake Pit)
 39756 | Snake:2  | Reached XP level 19. HP: 167/167 MP: 19/19
 39825 | Snake:2  | Found Irphac's Armour Shop.
 40227 | Snake:3  | Reached skill level 10 in Shields
 40739 | Snake:3  | Noticed Kirke
 40756 | Snake:3  | Killed Kirke
 41165 | Snake:3  | Noticed Vashnia
 41203 | Snake:3  | Killed Vashnia
 41976 | Snake:4  | Entered Level 4 of the Snake Pit
 42093 | Snake:4  | Found Hemiogg's Gadget Boutique.
 43639 | Snake:4  | Reached XP level 20. HP: 174/174 MP: 20/20
 43736 | Snake:4  | Reached skill level 15 in Shields
 44009 | Snake:4  | Identified the Incunabulum of the Escort and Confrontation
 44067 | Snake:4  | Got a serpentine rune of Zot
 44337 | Elf:1    | Entered Level 1 of the Elven Halls
 44388 | Elf:1    | Found Ocoev's Armour Emporium.
 44388 | Elf:1    | Found Umafac's Magic Scroll Shoppe.
 44397 | Elf:1    | Bought a scroll of identify for 20 gold pieces
 44397 | Elf:1    | Bought a scroll of enchant armour for 75 gold pieces
 44397 | Elf:1    | Bought a scroll of enchant armour for 75 gold pieces
 44397 | Elf:1    | Bought a scroll of holy word for 75 gold pieces
 44397 | Elf:1    | Bought a scroll of fog for 20 gold pieces
 44397 | Elf:1    | Bought a scroll of magic mapping for 35 gold pieces
 44406 | Elf:1    | Bought a scarf of repulsion for 156 gold pieces
 44418 | Elf:1    | Found Hutuh's Gadget Emporium.
 44474 | Elf:1    | Found Desaek's Antique Weapon Shoppe.
 44622 | Elf:1    | Reached skill level 15 in Fighting
 44692 | Elf:1    | Identified the Disquisition on Conjuration
 44906 | Elf:1    | Found Paeqil's Book Emporium.
 45201 | Elf:1    | Found Hahepiud's General Store.
 45209 | Elf:1    | Bought a scroll of magic mapping for 52 gold pieces
 45377 | Elf:1    | Found Nashren's Distillery.
 45391 | Elf:1    | Bought a potion of heal wounds for 70 gold pieces
 45391 | Elf:1    | Bought a potion of curing for 42 gold pieces
 45391 | Elf:1    | Bought a potion of agility for 56 gold pieces
 45391 | Elf:1    | Bought a potion of agility for 56 gold pieces
 45637 | Elf:2    | Found a flickering gateway to a bazaar.
 45663 | Bazaar   | Entered a bazaar
 45663 | Bazaar   | Found Zaapp's Magic Scroll Shop.
 45663 | Bazaar   | Found Xota's General Store.
 45663 | Bazaar   | Found Pataleyt's Food Shoppe.
 45666 | Bazaar   | Found Ihier's Antique Armour Shoppe.
 45718 | Bazaar   | Bought a scroll of brand weapon for 240 gold pieces
 45718 | Bazaar   | Bought a scroll of identify for 24 gold pieces
 45718 | Bazaar   | Bought a scroll of identify for 24 gold pieces
 45718 | Bazaar   | Bought a scroll of magic mapping for 42 gold pieces
 45718 | Bazaar   | Bought a scroll of enchant weapon for 90 gold pieces
 45718 | Bazaar   | Bought a scroll of fog for 24 gold pieces
 45738 | Elf:2    | Found a magical portal.
 45848 | WizLab   | Entered The Roulette of Golubria
 45848 | WizLab   | Found a transporter.
 45851 | WizLab   | Found a corrupted altar of Lugonu.
 45918 | WizLab   | Found a transporter.
 45953 | WizLab   | Found a transporter.
 45973 | WizLab   | Found the +2 cloak of the Thief {+Fog Slay-2 SInv Stlth+}
 45979 | WizLab   | Found a transporter.
 46057 | WizLab   | Found a transporter.
 46057 | WizLab   | Found a transporter.
 46085 | WizLab   | Found a transporter.
 46155 | WizLab   | Found a transporter.
 46242 | WizLab   | Found a transporter.
 46376 | WizLab   | Found a transporter.
 46380 | WizLab   | Got an ichor-stained cloak
 46390 | WizLab   | Found a transporter.
 46406 | WizLab   | Identified Golubria's Catalogue of the Traveller
 46415 | WizLab   | Got a warped cloak
 46416 | WizLab   | Identified the +0 cloak of the Peculiar Emperors {rElec rF+ Str-3} (You found it in a wizard's laboratory)
 46417 | WizLab   | Identified the +2 cloak "Leetimal" {+Fly rPois Str+4 Stlth-} (You found it in a wizard's laboratory)
 46450 | WizLab   | Found a transporter.
 46491 | WizLab   | Found a transporter.
 46505 | WizLab   | Reached skill level 16 in Fighting
 46633 | WizLab   | Found a transporter.
 46659 | WizLab   | Got a smoking marble ring
 46678 | WizLab   | Found a transporter.
 46678 | WizLab   | Found a transporter.
 46715 | WizLab   | Found a transporter.
 46715 | WizLab   | Found a transporter.
 46843 | WizLab   | Found a transporter.
 46843 | WizLab   | Found a transporter.
 47186 | Elf:2    | Found a huge runed gate.
 47186 | Elf:2    | Found a huge runed gate.
 47186 | Elf:2    | Found a huge runed gate.
 47186 | Elf:2    | Found a huge runed gate.
 47188 | Elf:2    | Found a huge runed gate.
 47854 | Elf:2    | Identified the ring of Yredelemnul's Approval {-Tele rPois rN+++ Int-2 Dex+2} (You took it off a red devil in a wizard's laboratory)
 47892 | Elf:2    | Reached XP level 21. HP: 188/188 MP: 21/21
 48443 | Elf:2    | Learned a level 4 spell: Passage of Golubria
 48445 | Elf:2    | Learned a level 1 spell: Apportation
 48559 | Elf:3    | Entered Level 3 of the Elven Halls
 48563 | Elf:3    | Reached skill level 1 in Translocations
 49085 | Elf:3    | Reached skill level 5 in Translocations
 49890 | Elf:3    | Reached skill level 10 in Translocations
 50556 | Elf:3    | Got a twitching lapis lazuli ring
 50588 | Elf:3    | Got a crude granite ring
 50652 | Elf:3    | Identified Zisijyno's Tome of Fetching Translocation
 50658 | Elf:3    | Got a pair of spiked gloves
 50659 | Elf:3    | Identified the ring of Vehumet's Wrath {rElec rC+ rN+ Int-2 Dex+8} (You took it off a deep elf master archer on level 3 of the Elven Halls)
 50660 | Elf:3    | Identified the ring "Ikimuypp" {rElec Str+3} (You found it on level 3 of the Elven Halls)
 50755 | Elf:3    | Identified the +2 pair of gloves of a ziggurat {Dex+8} (You found it on level 3 of the Elven Halls)
 51146 | Vaults:1 | Entered Level 1 of the Vaults
 51501 | Vaults:1 | Reached XP level 22. HP: 193/195 MP: 22/22
 52337 | Vaults:1 | Reached skill level 15 in Armour
 54123 | Vaults:2 | Got a pair of transparent gloves
 54134 | Vaults:2 | Identified the +1 pair of gloves "Netuefel" {*Contam Dex+2 Stlth+} (You acquired it on level 2 of the Vaults)
 54792 | Vaults:2 | Reached skill level 17 in Fighting
 55290 | Vaults:3 | Reached XP level 23. HP: 206/206 MP: 23/23
 55429 | Vaults:3 | Found a staircase to the Crypt.
 55911 | Vaults:3 | Noticed Xtahua
 55918 | Vaults:3 | Killed Xtahua
 56010 | Vaults:3 | Reached skill level 18 in Fighting
 56150 | Vaults:3 | Noticed Saint Roka
 56173 | Vaults:3 | Killed Saint Roka
 56510 | Vaults:3 | Found Ongonupu's Armour Emporium.
 56536 | Vaults:3 | Bought a +0 pair of boots of running for 567 gold pieces
 56741 | Vaults:3 | Noticed Frederick
 56760 | Vaults:3 | Killed Frederick
 56876 | Vaults:3 | Noticed Margery
 56897 | Vaults:3 | Killed Margery
 57598 | Vaults:4 | Reached skill level 15 in Bows
 58772 | Vaults:5 | Entered Level 5 of the Vaults
 59158 | Elf:1    | Bought a +2 plate armour of fire resistance for 520 gold pieces
 59573 | Vaults:5 | Reached XP level 24. HP: 130/216 MP: 23/23
 59574 | Vaults:5 | Noticed an ancient lich
 59575 | Vaults:5 | Noticed a golden dragon
 60195 | Vaults:5 | Noticed Vlans's ghost (veteran HaWr)
 60638 | Vaults:5 | Noticed a golden dragon
 60929 | Vaults:5 | Killed Vlans's ghost
 60937 | Vaults:4 | Reached skill level 19 in Fighting
 60942 | Vaults:4 | HP: 6/221 [stone giant (27)]
 60943 | Vaults:4 | HP: 2/221 [stone giant (31)]
 60948 | Vaults:4 | Mangled by a titan

Vault maps used:
D:1:      minmay_arrival_three_doors, minmay_pentomino_r4
D:2:      old_standard_altar, corexii_hall_statues_i, palyth_stone_intersect
D:3:      lemuel_doored_altar, bloody_trog, nicolae_overflow_hidden_temple,
          grunt_gozag_breadcrumbs
D:4:      first_bread, uniq_pikel
D:5:      kennysheep_six_static_rooms, minivault_26, uniq_edmund
D:6:      kennysheep_little_box, temple_green, serial_shops, shop
D:7:      kennysheep_mini, serial_shops, nicolae_shop_behind_doors, minivault_4
D:8:      basic_altar, david_nohive_1
D:9:      orc_0_dummy, uniq_grum, uniq_prince_ribbit1, uniq_joseph
D:10:     lair_entry_dummy, basic_altar
D:12:     minmay_klotski, uniq_maurice
D:13:     serial_shops, shop, nicolae_ru_sacrificial_ziggurat, uniq_frances
D:14:     hangedman_vaults_entry_quadrant_bands,
          portal_ice_cave_entry_pillars_2, kennysheep_big_empty_room
D:15:     grunt_enter_depths_magical_seal, serial_shops, shop,
          nicolae_shop_temple_entry_statues_fountains,
          lemuel_coloured_pillars_altar
Lair:1:   beast_lair_carwin_11
Lair:2:   dummy_snake_entry
Lair:3:   minmay_stone_trees_medium
Lair:4:   shoals_dummy_entry, pond
Lair:5:   nicolae_quartered_pool_little
Lair:6:   evilmike_catoblepas_cave, minmay_slime_entry_eyes, grunt_megastairs_4,
          minmay_lair_oklob_chamber
Shoals:1: serial_shops, shop, ldierk_geyser,
          nicolae_shoals_water_elemental_grotto, uniq_louise
Shoals:2: serial_shops, shop, shop, shop, shop, uniq_polyphemus
Shoals:3: serial_shops, nicolae_shop_statue_plus, shop, nicolae_shop_stone,
          shop_statue, uniq_aizul, uniq_bai_suzhen
Shoals:4: shoals_end_simple, shoals_ilsuiw_ice, abandoned_shop, uniq_mara,
          uniq_roxanne
Snake:2:  serial_shops, nicolae_shop_trees, serial_bayou_lake_a
Snake:3:  spider_trap, serial_bayou_shore_a, uniq_kirke, uniq_vashnia
Snake:4:  johnstein_snake_rune_scales, spider_trap, st_stairs_14,
          minmay_shop_star
Orc:1:    enter_volcano_2, uniq_josephine
Orc:2:    grunt_orc_community_town_hall, grunt_orc_community_big_house_1,
          grunt_orc_community_big_house_2, grunt_orc_community_house_2,
          grunt_orc_community_house_2, grunt_orc_community_house_1,
          grunt_orc_community_house_3, serial_shops, shop, uniq_rupert
Elf:1:    serial_shops, shop, shop, shop, shop, shop, minmay_elf_annihilation,
          minmay_shoptagon
Elf:2:    infiniplex_enter_wizlab_water, serial_shops, bzr_entry_customers,
          nrook_loot_triangle
Elf:3:    minmay_elf_hall_x, st_stairs_3, lemuel_flamethrower_hall
Vaults:1: nicolae_vaults_network_quincunx, v_misc_12, st_squares,
          nicolae_vaults_twisting_passages, vaults_standard_mumra_lines,
          vaults_dpeg_ring, hangedman_vaults_hat, v_misc_25,
          vaults_room_corners, vaults_dpeg_encased_lava
Vaults:2: dpeg_vaults_monster_row, v_misc_8,
          vaults_standard_mumra_enter_the_diamond,
          nicolae_vaults_little_squares_3
Vaults:3: v_misc_16, minmay_crypt_entry_nasty_monster,
          nicolae_vaults_hallways_thing, hangedman_vaults_corner,
          nicolae_vaults_c_with_doors, v_misc_22, vaults_room_stairs_pillars,
          nicolae_vaults_network_barrier, vaults_room_fours, vaults_mumra_lcd,
          v_misc_15, grunt_vaults_hallway_short, serial_shops, shop,
          uniq_saint_roka, uniq_frederick, uniq_margery, uniq_xtahua
Vaults:4: hangedman_vaults_snaps, ontoclasm_vaults_ligature,
          hangedman_vaults_variations, v_rooms_2, vaults_room_corners,
          v_misc_15, v_misc_16
Bazaar:   bazaar_minmay_generic_island
IceCv:    ice_cave_small_giant
Volcano:  kennysheep_volcano_temple
WizLab:   wizlab_golubria

Skill      XL: |  1  2  3  4  5  6  7  8  9 10 11 12 13 14 15 16 17 18 19 20 21 22 23 24 |
---------------+-------------------------------------------------------------------------+-----
Shields        | 4 3 6 9 14 15 | 15.0
Long Blades    | 3 4 6 8 8 10 13 14 | 14.0
Fighting       | 4 6 6 8 10 14 16 17 18 19 | 19.0
Armour         | 4 5 5 6 8 10 12 13 14 16 | 16.0
Dodging        | 3 3 4 6 8 10 | 10.0
Bows           | 3 6 10 11 13 14 15 16 | 16.0
Translocations | 11 12 | 12.0

Action                   |  1- 3 |  4- 6 |  7- 9 | 10-12 | 13-15 | 16-18 | 19-21 | 22-24 || total
-------------------------+-------+-------+-------+-------+-------+-------+-------+-------++-------
Melee: Long sword        |    64 |   181 |   200 |   554 |    84 |       |       |       ||  1083
       Great sword       |       |       |       |       |   603 |   420 |   363 |   298 ||  1684
       Scimitar          |       |       |       |       |    30 |       |       |       ||    30
 Fire: Hunting sling     |       |    26 |    21 |       |       |       |       |       ||    47
       Shortbow          |       |       |    86 |   405 |   591 |   428 |       |       ||  1510
       Longbow           |       |       |       |       |    77 |   515 |  1096 |   900 ||  2588
Throw: Stone             |       |     9 |     8 |       |       |       |       |       ||    17
Invok: Sacrifice Artific |       |       |     1 |       |       |       |       |       ||     1
       Sacrifice Skill   |       |       |     1 |       |       |       |       |       ||     1
       Sacrifice Love    |       |       |       |     1 |       |       |       |       ||     1
       Sacrifice Words   |       |       |       |     1 |       |       |       |       ||     1
       Draw Out Power    |       |       |       |     1 |     1 |     1 |     2 |       ||     5
       Sacrifice Stealth |       |       |       |     1 |       |       |       |       ||     1
       Power Leap        |       |       |       |       |       |     7 |       |     1 ||     8
       Apocalypse        |       |       |       |       |       |     2 |     1 |     2 ||     5
 Abil: Dig               |       |     4 |     2 |     6 |    14 |     5 |     4 |       ||    35
       Shaft Self        |       |       |       |       |     1 |       |       |       ||     1
  Use: Potion            |       |     3 |       |     1 |     3 |       |     1 |     6 ||    14
       Scroll            |       |     6 |     4 |       |    15 |     9 |    11 |     5 ||    50
 Stab: Invisible         |       |       |     1 |    13 |     8 |     5 |     2 |     2 ||    31
       Distracted        |       |       |     1 |     6 |     6 |     6 |     1 |     4 ||    24
       Paralysed         |       |       |       |     4 |     1 |    10 |     1 |     3 ||    19
  Eat: Chunk             |       |     7 |    13 |    30 |    35 |    48 |    36 |    17 ||   186
       Royal jelly       |       |       |       |       |     1 |       |       |       ||     1
       Fruit             |       |       |       |       |     5 |     5 |       |     4 ||    14
Armor: Scale mail        |    19 |    45 |       |       |       |    49 |   100 |    47 ||   260
       Chain mail        |       |    32 |       |       |       |       |       |       ||    32
       Ring mail         |       |     3 |    27 |       |     6 |       |       |       ||    36
       Plate armour      |       |       |    27 |   189 |   170 |   142 |    33 |    41 ||   602
       Fire dragon scale |       |       |       |       |       |       |       |    17 ||    17
Dodge: Dodged            |    18 |    55 |    71 |   196 |   224 |   311 |   249 |   210 ||  1334
       Deflected         |       |       |       |       |       |       |    19 |    19 ||    38
Block: Shield            |    25 |    91 |    28 |       |   255 |   386 |       |       ||   785
       Buckler           |       |       |    29 |   151 |    59 |       |       |       ||   239
       Large shield      |       |       |       |       |       |       |   753 |   693 ||  1446
       Reflection        |       |       |       |       |       |       |       |    33 ||    33
       Rpst.: Long sword |     4 |    12 |    17 |    48 |     5 |       |       |       ||    86
       Great sword       |       |       |       |       |    47 |    39 |    25 |    20 ||   131
       Scimitar          |       |       |       |       |     1 |       |       |       ||     1

Table legend:
 A = Spawn XP
 B = Non-spawn XP
 C = Spawn XP percentage of total XP
 D = Spawn monster count
 E = Non-spawn monster count
 F = Spawn count percentage of total count
 G = Total turns spent on level
                    A         B        C        D         E        F      G
               +---------+---------+-------+---------+---------+-------+---------
         Total |       0 |  749815 |   0.0 |       0 |    1687 |   0.0 | 60948
               +---------+---------+-------+---------+---------+-------+---------
           D:1 |       0 |      64 |   0.0 |       0 |      26 |   0.0 |   878
           D:2 |       0 |      26 |   0.0 |       0 |      17 |   0.0 |   815
           D:3 |       0 |     114 |   0.0 |       0 |      12 |   0.0 |   788
           D:4 |       0 |     889 |   0.0 |       0 |      17 |   0.0 |   881
           D:5 |       0 |     710 |   0.0 |       0 |      14 |   0.0 |  1018
           D:6 |       0 |     734 |   0.0 |       0 |      15 |   0.0 |  1034
           D:7 |       0 |     908 |   0.0 |       0 |      23 |   0.0 |  1433
           D:8 |       0 |    4045 |   0.0 |       0 |      62 |   0.0 |  1707
           D:9 |       0 |    4052 |   0.0 |       0 |      39 |   0.0 |  1298
          D:10 |       0 |    1008 |   0.0 |       0 |      14 |   0.0 |  1568
          D:11 |       0 |    2627 |   0.0 |       0 |      26 |   0.0 |   896
          D:12 |       0 |   14550 |   0.0 |       0 |      64 |   0.0 |  1314
          D:13 |       0 |    9388 |   0.0 |       0 |      39 |   0.0 |  1178
          D:14 |       0 |   16815 |   0.0 |       0 |      51 |   0.0 |  1105
          D:15 |       0 |   16195 |   0.0 |       0 |      46 |   0.0 |  1544
        Lair:1 |       0 |    3957 |   0.0 |       0 |      16 |   0.0 |  1179
        Lair:2 |       0 |    2862 |   0.0 |       0 |      10 |   0.0 |  1213
        Lair:3 |       0 |    6515 |   0.0 |       0 |      32 |   0.0 |  1532
        Lair:4 |       0 |    3647 |   0.0 |       0 |      20 |   0.0 |  1545
        Lair:5 |       0 |    2038 |   0.0 |       0 |      10 |   0.0 |   913
        Lair:6 |       0 |   28892 |   0.0 |       0 |      68 |   0.0 |  3388
      Shoals:1 |       0 |    9086 |   0.0 |       0 |      21 |   0.0 |  1322
      Shoals:2 |       0 |   19896 |   0.0 |       0 |      38 |   0.0 |  1872
      Shoals:3 |       0 |   14355 |   0.0 |       0 |      18 |   0.0 |  1966
      Shoals:4 |       0 |   45396 |   0.0 |       0 |      63 |   0.0 |  1971
       Snake:1 |       0 |   20108 |   0.0 |       0 |      41 |   0.0 |  1601
       Snake:2 |       0 |   15101 |   0.0 |       0 |      30 |   0.0 |   676
       Snake:3 |       0 |   27459 |   0.0 |       0 |      50 |   0.0 |  1785
       Snake:4 |       0 |   55694 |   0.0 |       0 |     103 |   0.0 |  2155
         Orc:1 |       0 |    5082 |   0.0 |       0 |      27 |   0.0 |  1174
         Orc:2 |       0 |   11432 |   0.0 |       0 |      88 |   0.0 |  2364
         Elf:1 |       0 |   18342 |   0.0 |       0 |      29 |   0.0 |  1470
         Elf:2 |       0 |   38599 |   0.0 |       0 |      59 |   0.0 |  1632
         Elf:3 |       0 |   57366 |   0.0 |       0 |      55 |   0.0 |  2281
      Vaults:1 |       0 |   54123 |   0.0 |       0 |     118 |   0.0 |  2329
      Vaults:2 |       0 |   50212 |   0.0 |       0 |      69 |   0.0 |  2040
      Vaults:3 |       0 |   63654 |   0.0 |       0 |      71 |   0.0 |  2287
      Vaults:4 |       0 |   45757 |   0.0 |       0 |      57 |   0.0 |  2639
      Vaults:5 |       0 |   45471 |   0.0 |       0 |      44 |   0.0 |    37
         IceCv |       0 |    9673 |   0.0 |       0 |      36 |   0.0 |   707
       Volcano |       0 |    4244 |   0.0 |       0 |       8 |   0.0 |   207
        WizLab |       0 |   18729 |   0.0 |       0 |      41 |   0.0 |  1141
               +---------+---------+-------+---------+---------+-------+---------
